 Dungeon Crawl Stone Soup version 0.23.0 (webtiles) character file.

Game seed: 9089195971216460666

46 redwoodhats the Shooter (level 3, -1/24 HPs)
             Began as an Octopode Hunter on Feb 17, 2019.
             Slain by a worm (11 damage)
             ... on level 2 of the Dungeon.
             The game lasted 00:11:35 (1863 turns).

redwoodhats the Shooter (Octopode Hunter)           Turns: 1863, Time: 00:11:36

Health: -1/24      AC:  1    Str: 11    XL:     3   Next: 68%
Magic:  3/3        EV: 10    Int: 13    God:
Gold:   86         SH:  6    Dex: 13    Spells: 2/2 levels left

rFire    . . .     SeeInvis .   b - +0 short sword
rCold    . . .     Gourm    .   h - +0 shield
rNeg     . . .     Faith    .   (helmet restricted)
rPois    .         Spirit   .   (no amulet)
rElec    .         Reflect  .   (no ring)
rCorr    .         Harm     .   (no ring)
MR       .....                  (no ring)
Stlth    +++.......             (no ring)
HPRegen  0.08/turn              (no ring)
MPRegen  0.08/turn              (no ring)
                                (no ring)
                                (no ring)

@: no status effects
A: almost no armour, stealthy swim, amphibious, 8 rings, constrict 8, camouflage
1, gelatinous body 1
a: no special abilities


You were on level 2 of the Dungeon.
You were not hungry.

You visited 1 branch of the dungeon, and saw 2 of its levels.

You collected 86 gold pieces.

Inventory:

Hand Weapons
 a - a +1 shortbow
 b - a +0 short sword (weapon)
Missiles
 c - 15 arrows
 j - 7 tomahawks of returning (quivered)
Armour
 h - a +0 shield (worn)
Jewellery
 e - a +4 ring of strength {unknown}
Scrolls
 g - a scroll of teleportation {unknown}
 k - a scroll of identify
Potions
 f - a potion of haste {unknown}
Comestibles
 d - 5 rations


   Skills:
 + Level 2.2 Fighting
 + Level 4.9 Bows
 + Level 2.3 Dodging
 + Level 2.0 Stealth


You had 2 spell levels left.
You didn't know any spells.
Your spell library was empty.

Dungeon Overview and Level Annotations

Branches:
Dungeon (2/15)

Altars:


Innate Abilities, Weirdness & Mutations

You cannot wear most types of armour.
You are very stealthy in the water. (Stealth+)
You are amphibious.
You can wear up to eight rings at the same time.
You can use your tentacles to constrict eight enemies at once.
Your skin changes colour to match your surroundings (Stealth+).
Your rubbery body absorbs attacks. (AC +1, EV +1)


Message History

You see here a +0 club.
The kobold hits you with a +0 dagger.
Found a ring mail and a scroll labeled NOEKHL DAIHA.
You hit the kobold but do no damage. You grab the kobold.
You constrict the kobold. The kobold hits you with a +0 dagger.
You hit the kobold.
The kobold is severely wounded.
You constrict the kobold.
You kill the kobold!
You see here a +0 dagger.
You hit the worm. You grab the worm.
The worm is lightly wounded.
You constrict the worm. The worm barely misses you.
You hit the worm. You squeeze the worm.
The worm is moderately wounded.
You constrict the worm. The worm bites you.
You hit the worm.
The worm is severely wounded.
You constrict the worm. The worm bites you!
You die...

##.?...#.# ........# ##
.......# .#### #. [.....#
....# .. ..... ..#.# ##.##
...##.### ..#.# #...#
#>....... ..#.# #...# #.#
.# #.#.# #...# #@###.####
#.#.# #...####w#......#
....#####.......K#.#....##.
####.........###.#.#.......
....<........# #.)..K#
.###.........###.####......
.# ######........# #.##. .#
#...###### # .# #...#


You could see a worm and a kobold.

Vanquished Creatures
  An adder (D:2)
  4 leopard geckos
  7 bats
  5 giant cockroaches
  2 hobgoblins (D:1)
  2 ball pythons (D:2)
  2 frilled lizards
  3 goblins
  5 kobolds
  2 rats (D:1)
33 creatures vanquished.

Notes
Turn   | Place    | Note
-------+----------+-------------------------------------------
     0 | D:1      | redwoodhats the Octopode Hunter began the quest for the
                  | Orb.
     0 | D:1      | Reached XP level 1. HP: 14/14 MP: 1/1
   132 | D:1      | Reached XP level 2. HP: 18/19 MP: 2/2
   832 | D:1      | Reached XP level 3. HP: 24/24 MP: 3/3
  1863 | D:2      | Slain by a worm

Skill      XL: |  1  2  3 |
---------------+----------+-----
Stealth        | 2 |  2.0
Fighting       | |  2.2
Bows           | |  4.9
Dodging        | |  2.3

Action                   || total
-------------------------++-------
Melee: Short sword       ||    27
       Constrict         ||    11
       Tentacles         ||     6
 Fire: Shortbow          ||    47
  Use: Potion            ||     4
       Scroll            ||     1
 Stab: Sleeping          ||     7
  Eat: Ration            ||     1
Armor: Skin              ||     6
Dodge: Dodged            ||    25
